 Dungeon Crawl Stone Soup version 0.31-a0-1-g4198be8af4 (webtiles) character file.

Game seed: 1563178041180518123

6398 Lavandula the Gusty (level 10, 4/77 HPs)
             Began as a Mummy Venom Mage on May 3, 2023.
             Was a Believer of Kikubaaqudgha.
             Quit the game on level 1 of the Lair of Beasts.
             The game lasted 00:27:13 (13246 turns).

Lavandula the Gusty (Mummy Venom Mage)             Turns: 13246, Time: 00:27:14

Health: 4/77       AC:  8    Str: 12    XL:     10   Next: 66%
Magic:  3/20       EV: 12    Int: 19    God:    Kikubaaqudgha [**....]
Gold:   362        SH:  0    Dex: 12    Spells: 4/23 levels left

rFire   . . .        j - +2 dagger (venom)
rCold   + . .        u - orb {*channel}
rNeg    + + +        a - +1 robe {rF+}
rPois   ∞            (no helmet)
rElec   .            (no cloak)
rCorr   .            k - +2 pair of gloves
SInv    .            r - +1 pair of boots
Will    +....        (no amulet)
Stlth   ++           o - ring of wizardry
HPRegen 0.32/turn    t - ring of wizardry
MPRegen 0.17/turn

%: faith, wizardry (x2), channel magic (20%)
@: no status effects
A: cold resistance 1, negative energy resistance 3, torment resistance 2, heat
vulnerability 1, in touch with death 1, no potions, faith
a: Renounce Religion, Unearth Wretches


You were on level 1 of the Lair of Beasts.
You worshipped Kikubaaqudgha.
Kikubaaqudgha was pleased with you.
You visited 3 branches of the dungeon, and saw 12 of its levels.
You also visited: Ossuary.

You collected 593 gold pieces.
You spent 231 gold pieces at shops.

Inventory:

Hand Weapons
 g - a +0 spear
 j - a +2 dagger of venom (weapon)
 x - a -2 demon whip of venom
Missiles
 p - 2 javelins
 q - 6 boomerangs
Armour
 a - a +1 robe of fire resistance (worn)
 b - a +0 leather armour
 d - a +2 buckler
 k - a +2 pair of gloves (worn)
 r - a +1 pair of boots (worn)
 u - an orb of energy (worn)
 w - +0 acid dragon scales
Jewellery
 o - a ring of wizardry (left hand)
 t - a ring of wizardry (right hand)
 y - a ring of see invisible
Scrolls
 c - 2 scrolls of teleportation
 f - a scroll of blinking
 h - 5 scrolls of amnesia
 i - 2 scrolls of fog
 l - a scroll of enchant weapon {unknown}
 m - 3 scrolls of vulnerability {unknown}
 n - 2 scrolls of immolation
 s - a scroll of torment {unknown}
 v - a scroll of poison {unknown}


   Skills:
 - Level 6.5 Fighting
 - Level 1.5 Dodging
 - Level 1.5 Stealth
 - Level 4.0 Shields
 - Level 7.0 Spellcasting
 + Level 6.6 Necromancy
 - Level 0.7 Transmutations
 - Level 7.1 Air Magic
 - Level 6.2 Poison Magic


You had 4 spell levels left.
You knew the following spells:

 Your Spells              Type           Power      Damage    Failure   Level
a - Sting                 Tmut/Pois      76%        1d6       2%          1
b - Poisonous Vapours     Pois/Air       64%        N/A       1%          2
c - Mephitic Cloud        Conj/Pois/Air  23%        N/A       4%          3
d - Olgreb's Toxic Radia  Pois           30%        N/A       5%          4
e - Shock                 Conj/Air       80%        1d8       2%          1
f - Airstrike             Air            16%        2d(3-19)  4%          4
g - Animate Dead          Necr           47%        N/A       5%          4

Your spell library contained the following spells:

 Spells                   Type           Power      Damage    Failure   Level
 Necrotise                Necr           100%       1d9       1%          1
 Cigotuvi's Dreadful Rot  Necr/Pois/Air  96%        N/A       1%          2
 Swiftness                Air            33%        N/A       1%          3
 Kiss of Death            Conj/Necr      100%       2d13      2%          1
 Summon Small Mammal      Summ           24%        N/A       7%          1
 Call Canine Familiar     Summ           6%         N/A       16%         3
 Hailstorm                Conj/Ice       6%         3d4       16%         3
 Summon Guardian Golem    Hex/Summ       6%         N/A       16%         3
 Manifold Assault         Tloc           6%         N/A       38%         4
 Summon Ice Beast         Ice/Summ       6%         N/A       38%         4
 Freezing Cloud           Conj/Ice/Air   7%         6-21      41%         5
 Summon Mana Viper        Hex/Summ       6%         N/A       67%         5
 Monstrous Menagerie      Summ           3%         N/A       100%        7
 Ozocubu's Refrigeration  Ice            3%         4d8       100%        7


Dungeon Overview and Level Annotations

Branches:
Dungeon (10/15)            Temple (1/1) D:6            Lair (1/5) D:9
Ossuary (visited)
    Orc: D:9-12

Altars:
Ashenzari
Cheibriados
Dithmenos
Fedhas
Gozag
Hepliaklqana
Kikubaaqudgha
Makhleb
Nemelex Xobeh
Okawaru
Qazlal
Ru
Sif Muna
Trog
Uskayaw
Vehumet
Wu Jian
Xom
Yredelemnul

Shops:
D:5 =?*?   D:9 =

Annotations:
D:5 exclusion: ice beast


Innate Abilities, Weirdness & Mutations

You are immune to poison.
Your flesh is cold resistant. (rC+)
You are immune to negative energy. (rN+++)
You are immune to unholy pain and torment.
You are vulnerable to heat. (rF-)
You are in touch with the powers of death.
You do not drink.
You have a special connection with the divine. (Faith)


Message History

Confirm with . or Enter, or press ? or * to list all spells.
Aiming: Airstrike (dangerous; 4% risk of failure)
Press: ? - help, Dir - move target, f - wolf
Aim: a wolf (empty space bonus: 4/8)
Okay, then.
The cane toad stings your wolf zombie.
Your wolf zombie is destroyed!
Casting: Airstrike (dangerous; 4% risk of failure)
Confirm with . or Enter, or press ? or * to list all spells.
Aiming: Airstrike (dangerous; 4% risk of failure)
Press: ? - help, Dir - move target, f - cane toad
Aim: a cane toad (severely wounded, empty space bonus: 4/8)
The air twists around and strikes the cane toad.
The cane toad is almost dead.
You hear an angry hiss.
A komodo dragon comes into view.
As you read the scroll of teleportation, it crumbles to dust.
You feel strangely unstable. The wolf bites you!
* * * LOW HITPOINT WARNING * * *
The wolf barely misses you.
Unknown command.
You closely miss the wolf. The wolf barely misses you. x2
Unknown command.
Your surroundings suddenly seem different.
Found a stone staircase leading down.
There is a stone staircase leading down here.
Unknown command.
A blink frog comes into view.
A blink frog is nearby!
You start resting.
A blink frog comes into view.
The blink frog croaks.
You hear the slow rumble of an avalanche of rocks nearby.
The blink frog gives a loud, deep croak!
You miss the blink frog. The blink frog hits you!
* * * LOW HITPOINT WARNING * * *
The blink frog barely misses you.
Unknown command.
Okay, then.
Are you sure you want to abandon this character and quit the game? (Confirm with "yes".)

##* ##.####
*#.....####*##
#.#.>#..#.##.##
**##.#@F......##
#.##....#...#
*#.###...F..#*
*..#*######.#*
**...** *,.#*
*,...,* *,>.#***
*#...***
*,,,.F,****
##...,,,***
*,,,,#.,*,*
*...#,,,,,*
**,***,,,,,


You could see 2 blink frogs.

Vanquished Creatures
  Amaemon (D:9)
  An orange demon (D:9)
  A komodo dragon (D:9)
  A hornet (D:9)
  A wyvern (D:8)
  5 yaks
  A steam dragon (D:9)
  A vampire mosquito (D:9)
  A water moccasin (D:7)
  An acid dragon (D:9)
  4 orc warriors
  3 black bears
  A centaur (D:7)
  2 ogres
  6 wolves (Lair:1)
  A kobold brigand (D:8)
  3 bullfrogs
  An elf zombie (Ossuary)
  2 scorpions
  3 wights (D:7)
  9 killer bees
  A howler monkey (D:8)
  4 electric eels (D:8)
  3 human zombies (Ossuary)
  3 hounds
  A centaur zombie (Ossuary)
  4 jellies
  A gnoll bouda (D:6)
  3 orc priests
  3 sleepcaps
  Terence (D:2)
  3 iguanas
  6 orc wizards
  2 mummies (Ossuary)
  11 adders
  3 gnolls (D:6)
  2 white imps
  An ufetubus (D:5)
  A worm (D:4)
  2 dart slugs
  23 orcs
  6 ball pythons
  4 endoplasms
  4 giant cockroaches
  9 goblins
  5 hobgoblins
  13 jackals
  2 quokkas
  8 bats
  4 frilled lizards
  14 hobgoblin zombies (Ossuary)
  2 jackal zombies (Ossuary)
  5 kobolds
  8 kobold zombies (Ossuary)
  8 orc zombies (Ossuary)
  2 rats (D:1)
221 creatures vanquished.

Vanquished Creatures (collateral kills)
  A yak (D:10)
1 creature vanquished.

Vanquished Creatures (others)
  A yak zombie (D:10)
  A wolf zombie (Lair:1)
  A killer bee zombie (D:10)
  2 orc zombies (D:9)
  A bush (Lair:1)
  19 fungi
  59 plants
84 creatures vanquished.

Grand Total: 306 creatures vanquished

Notes
Turn   | Place    | Note
-------+----------+-------------------------------------------
     0 | D:1      | Lavandula the Mummy Venom Mage began the quest for the Orb.
     0 | D:1      | Reached XP level 1. HP: 13/13 MP: 4/4
   274 | D:1      | Found a faded altar of an unknown god.
   354 | D:1      | Reached XP level 2. HP: 19/19 MP: 2/5
   357 | D:1      | Learned a level 2 spell: Poisonous Vapours
  1075 | D:2      | Gained mutation: You are in touch with the powers of death.
                  | [Mummy growth]
  1075 | D:2      | Reached XP level 3. HP: 21/24 MP: 4/7
  1208 | D:2      | Learned a level 3 spell: Mephitic Cloud
  1390 | D:2      | Noticed Terence
  1407 | D:2      | Killed Terence
  1408 | D:2      | Reached XP level 4. HP: 9/30 MP: 0/8
  2904 | D:3      | Reached XP level 5. HP: 35/35 MP: 3/9
  2916 | D:3      | Learned a level 4 spell: Olgreb's Toxic Radiance
  3372 | D:4      | Reached skill level 5 in Poison Magic
  3717 | D:4      | Found a blossoming altar of Fedhas.
  4296 | D:4      | Found a radiant altar of Vehumet.
  4297 | D:4      | Found a hide-covered altar of Uskayaw.
  4339 | D:4      | Found an ornate altar of the Wu Jian Council.
  4380 | D:4      | Reached XP level 6. HP: 34/41 MP: 4/10
  4616 | D:5      | Entered Level 5 of the Dungeon
  4704 | D:5      | Found Visog's General Store.
  4710 | D:5      | Bought a scroll of identify for 26 gold pieces
  4715 | D:5      | Bought a +1 robe of fire resistance for 165 gold pieces
  4939 | D:5      | Noticed an ice beast
  4985 | D:5      | Learned a level 1 spell: Shock
  5326 | D:5      | Found a shimmering altar of Xom.
  5356 | D:5      | Reached XP level 7. HP: 45/46 MP: 0/13
  5606 | D:5      | Found Tocvetaj's Magic Scroll Shoppe.
  5614 | D:5      | Bought a scroll of amnesia for 40 gold pieces
  5916 | D:5      | Found The Oracle's Delphic Readings.
  6065 | D:5      | Reached skill level 5 in Spellcasting
  6070 | D:5      | Learned a level 4 spell: Airstrike
  6115 | D:5      | Found Maesm's Jewellery Shoppe.
  6399 | D:6      | Reached skill level 1 in Air Magic
  6503 | D:6      | Found a staircase to the Ecumenical Temple.
  6669 | Temple   | Entered the Ecumenical Temple
  7676 | D:7      | Reached XP level 8. HP: 40/52 MP: 15/15
  7729 | D:7      | Reached skill level 1 in Shields
  7942 | D:7      | Found a sand-covered staircase.
  7949 | Ossuary  | Entered an ossuary
  8759 | D:7      | Got the Volume of Direction and the Snowflakes
  8926 | D:7      | Reached skill level 5 in Air Magic
  9449 | D:7      | Found an ancient bone altar of Kikubaaqudgha.
  9449 | D:7      | Found a snail-covered altar of Cheibriados.
  9634 | D:7      | Became a worshipper of Kikubaaqudgha
  9781 | D:8      | Reached XP level 9. HP: 57/57 MP: 8/16
 10388 | D:7      | Reached * piety under Kikubaaqudgha
 10388 | D:7      | Received a gift from Kikubaaqudgha
 10483 | D:8      | Learned a level 4 spell: Animate Dead
 10732 | D:8      | Reached skill level 1 in Necromancy
 11100 | D:9      | Found a stormy altar of Qazlal.
 11109 | D:9      | Noticed Amaemon
 11109 | D:9      | Noticed an orange demon
 11321 | D:9      | Identified the +0 robe of the Harvest {Slay+2 Stlth+}
 11412 | D:9      | Reached skill level 1 in Fighting
 11566 | D:9      | Noticed a komodo dragon
 11577 | D:9      | Killed a komodo dragon
 11694 | D:9      | Reached XP level 10. HP: 32/71 MP: 7/20
 11885 | D:9      | Killed Amaemon
 11886 | D:9      | Reached skill level 5 in Fighting
 12129 | D:9      | Killed an orange demon
 12463 | D:9      | Found Geoden's Jewellery Boutique.
 12653 | D:9      | Found a staircase to the Lair.
 12772 | D:10     | Entered Level 10 of the Dungeon
 12825 | D:10     | Reached skill level 5 in Necromancy
 13091 | Lair:1   | Entered Level 1 of the Lair of Beasts
 13091 | Lair:1   | Noticed a cane toad
 13098 | Lair:1   | Reached ** piety under Kikubaaqudgha
 13201 | Lair:1   | Noticed a cane toad
 13246 | Lair:1   | Quit the game

Illustrated notes

Levels and vault maps discovered:
D:1:      dpeg_arrival_more_subterranean_lakeside_camping, layout_basic,
          hellmonk_ecumenical_altar_inner_sanctum,
          corexii_item_surrounded_by_moat
D:2:      layout_basic, dreamdust_mushroom_princess, uniq_terence
D:3:      layout_loops_ring
D:4:      layout_basic, nicolae_overflow_quartered_altars, lemuel_doored_altar
D:5:      layout_basic, mainiacjoe_overflow_concentric_impassable, serial_shops,
          nicolae_shop_window_shopping, shop, nicolae_shop_hallway_stairs,
          nicolae_nh_oracle_at_delphi
D:6:      layout_basic, minmay_temple_entry_arrows
D:7:      layout_cave_pools, gammafunk_temple_overflow_elements,
          chequers_ossuary_entry_cave, serial_glass, glass_columns_a,
          glass_columns_b, nicolae_elevator_lobby_plus
D:8:      layout_rooms, serial_bayou, serial_bayou_lake_a,
          serial_bayou_crossing, serial_bayou_pond_d, serial_bayou_shore_a
D:9:      layout_loops_ring, overflow_temple_1_default,
          grunt_lair_entry_orc_guard_hut, serial_shops,
          nicolae_shop_statue_plus, uniq_amaemon
D:10:     layout_loops_ring
Temple:   compressed_dpeg_triangle_lava_temple
Lair:1:   layout_misc_corridors, lightli_volcano_entry_magma_tube

Skill      XL: |  1  2  3  4  5  6  7  8  9 10 |
---------------+-------------------------------+-----
Poison Magic   | 3 4 5 6 |  6.2
Spellcasting   | 3 4 5 7 |  7.0
Air Magic      | 4 5 7 |  7.1
Shields        | 4 |  4.0
Necromancy     | 3 6 |  6.6
Fighting       | 4 6 |  6.5
Dodging        | |  1.5
Stealth        | |  1.5
Transmutations | |  0.7

Action                     |  1- 3 |  4- 6 |  7- 9 | 10-12 || total
---------------------------+-------+-------+-------+-------++-------
  Melee: Dagger            |    15 |    70 |   179 |    22 ||   286
         Unarmed           |     2 |       |       |       ||     2
         Spear             |    30 |     4 |       |       ||    34
         Punch             |       |     1 |       |       ||     1
   Cast: Sting             |    46 |    73 |     3 |       ||   122
         Poisonous Vapours |     2 |    23 |     4 |       ||    29
         Olgreb's Toxic Ra |       |     8 |    38 |    25 ||    71
         Shock             |       |     6 |    55 |       ||    61
         Airstrike         |       |       |    33 |    25 ||    58
         Mephitic Cloud    |       |       |     1 |       ||     1
         Animate Dead      |       |       |       |     3 ||     3
    Use: Scroll            |       |     3 |     6 |     6 ||    15
   Stab: Sleeping          |       |       |     3 |       ||     3
 Armour: Leather armour    |    21 |    18 |       |       ||    39
         Robe              |       |     4 |    62 |     3 ||    69
         Acid dragon scale |       |       |       |    25 ||    25
  Dodge: Dodged            |    48 |    45 |   100 |    46 ||   239
  Block: Buckler           |       |       |    53 |       ||    53

Table legend: (Time is in decaauts)
 A = Elapsed time spent in this place.
 B = Non-inter-level travel time spent in this place.
 C = Inter-level travel time spent in this place.
 D = Time resting spent in this place.
 E = Time spent auto-exploring this place.
 F = Levels seen in this place.
 G = Mean time per level.
                   A        B        C        D        E       F      G
               +--------+--------+--------+--------+--------+-----+--------+
         Total |  13295 |  12953 |    342 |   1969 |   9173 |  13 | 1022.7 |
       Dungeon |  12037 |  11700 |    337 |   1874 |   8346 |  10 | 1203.7 |
        Temple |    300 |    295 |      5 |      0 |    287 |   1 |  300.0 |
          Lair |    154 |    154 |      0 |     69 |      0 |   1 |  154.0 |
       Ossuary |    802 |    802 |      0 |     26 |    540 |   1 |  802.0 |
               +--------+--------+--------+--------+--------+-----+--------+

Top non-repeatable levels by time:
     D:5: 1638 daAuts
     D:9: 1630 daAuts
     D:8: 1516 daAuts
     D:2: 1502 daAuts
     D:7: 1305 daAuts
     D:4: 1289 daAuts
     D:6: 1098 daAuts
     D:1: 976 daAuts
     D:3: 848 daAuts
 Ossuary: 802 daAuts
  Temple: 300 daAuts
    D:10: 229 daAuts
  Lair:1: 154 daAuts
